AoeStats
← K10

Arena

507279377Analyzed
4v4 RM · 14d ago on Sep 17, 2026· 71m 25s· 8 players
Game mode
Random Map
Map size
Large (8 player)
Population
200
Speed
Normal
Resources
Standard
Victory
Conquest
Starting age
Dark Age
Ending age
Imperial Age
RankedLock teamsTeams togetherTeam positionsShared explorationLock speedFull tech treeHidden civsTurbo modeCheats
Victory
Defeat
🇦🇺 Inca · Australia
900
+11
🇦🇺 Britons · Australia
828
+14
🇨🇳 Bohemians · China
772
+16
🇨🇳 Persians · China
747
+16
🇳🇱 Maya · Netherlands
847
-17
🇺🇦 Romans · Ukraine
790
-15
🇹🇼 Burgundians · Taiwan
748
-13
🇪🇸 Chinese · Spain
707
-12
He
0:27 Loom
10:24 Feudal Age
19:53 Castle Age
17:53 Stone Mining
18:00 Double-Bit Axe
18:52 Horse Collar
19:05 Gold Mining
24:31 Heavy Plow
30:02 Imperial Age
28:11 Wheelbarrow
27:25 Town Watch
28:02 Squires
28:47 Scale Mail Armor
28:57 Forging
28:13 Man-at-Arms
30:00 Hand Cart
29:37 Long Swordsman
31:34 Crop Rotation
32:05 Gold Shaft Mining
32:13 Conscription
32:40 Murder Holes
33:11 Caravan
33:57 Bow Saw
34:38 Siege Engineers
35:04 Ballistics
36:13 Guilds
35:36 Legionary
36:55 Chain Mail Armor
36:50 Forging
38:55 Comitatenses
39:19 Heavy Scorpion
40:48 Iron Casting
43:58 Chemistry
46:56 Elite Centurion
51:24 Scale Barding Armor
52:19 Blast Furnace
51:12 Fletching
55:47 Chain Barding Armor
55:23 Bodkin Arrow
60:13 Plate Barding Armor
59:39 Pikeman
62:24 Masonry
Lahey
10:12 Feudal Age
16:19 Castle Age
17:08 Double-Bit Axe
17:17 Gold Mining
22:57 Eagle Warrior
25:51 Wheelbarrow
31:55 Imperial Age
31:15 Hand Cart
31:25 Bow Saw
31:00 Horse Collar
32:26 Caravan
32:23 Fletching
34:30 Loom
34:44 Bodkin Arrow
34:50 Padded Archer Armor
35:01 Forging
35:39 Elite Plumed Archer
37:54 Elite Eagle Warrior
43:52 Conscription
43:30 Elite Skirmisher
47:54 Hul'che Javelineers
j.santosddd
0:35 Loom
10:47 Feudal Age
11:34 Double-Bit Axe
17:11 Wheelbarrow
21:59 Castle Age
20:55 Gold Mining
20:57 Stone Mining
22:11 Bloodlines
23:08 Hand Cart
23:20 Bow Saw
24:11 Padded Archer Armor
24:02 Fletching
25:46 Husbandry
30:21 Masonry
30:26 Fortified Wall
31:22 Ballistics
33:02 Great Wall
36:18 Imperial Age
33:48 Horse Collar
34:42 Caravan
34:58 Murder Holes
36:31 Stone Shaft Mining
36:53 Leather Archer Armor
36:34 Bodkin Arrow
36:47 Scale Barding Armor
39:16 Cavalier
40:56 Heavy Rocket Cart
43:59 Capped Ram
44:38 Elite Chu Ko Nu
52:09 Siege Ram
53:25 Ring Archer Armor
52:56 Bracer
54:42 Chemistry
54:14 Architecture
tadasu
2:31 Loom
10:42 Wheelbarrow
12:54 Feudal Age
11:16 Double-Bit Axe
13:36 Horse Collar
14:09 Bow Saw
15:04 Hand Cart
15:30 Gold Mining
15:32 Stone Mining
18:56 Heavy Plow
21:16 Gold Shaft Mining
21:18 Stone Shaft Mining
24:51 Castle Age
25:01 Caravan
26:56 Two-Man Saw
26:30 Crop Rotation
29:09 Burgundian Vineyards
34:27 Imperial Age
32:52 Padded Archer Armor
32:56 Squires
34:16 Leather Archer Armor
36:13 Chemistry
35:41 Conscription
36:52 Fletching
39:09 Elite Coustillier
42:28 Guilds
42:58 Husbandry
43:12 Scale Barding Armor
43:18 Forging
44:14 Chain Barding Armor
47:48 Plate Barding Armor
47:49 Iron Casting
51:08 Cavalier
53:30 Blast Furnace
52:36 Paladin
CitrusLemon
9:52 Feudal Age
10:22 Double-Bit Axe
10:22 Horse Collar
13:40 Wheelbarrow
18:40 Castle Age
17:38 Gold Mining
17:38 Stone Mining
17:53 Fletching
18:03 Padded Archer Armor
20:31 Bow Saw
20:23 Heavy Plow
26:31 Hand Cart
26:31 Padded Archer Armor
27:26 Ballistics
29:12 Leather Archer Armor
28:59 Bodkin Arrow
33:57 Imperial Age
32:11 Caravan
34:32 Fortified Wall
34:59 Yeomen
36:15 Chemistry
36:01 Bracer
36:32 Ring Archer Armor
39:05 Elite Longbowman
40:08 Yeomen
43:05 Elite Skirmisher
阿细
13:16 Feudal Age
18:38 Castle Age
21:34 Double-Bit Axe
27:16 Bow Saw
28:59 Scale Mail Armor
29:09 Forging
29:10 Arson
29:25 Squires
34:17 Chemistry
33:06 Pikeman
39:10 Imperial Age
37:55 Horse Collar
40:43 Conscription
41:14 Cavalier
41:55 Husbandry
41:15 Light Cavalry
55:06 Wheelbarrow
56:18 Hand Cart
56:03 Loom
58:47 Wagenburg Tactics
58:24 Halberdier
58:25 Man-at-Arms
59:59 Chain Mail Armor
62:03 Long Swordsman
70:41 Spies/Treason
啊杰
10:18 Feudal Age
12:51 Wheelbarrow
18:11 Castle Age
20:12 Double-Bit Axe
20:13 Horse Collar
22:27 Bow Saw
23:06 Heavy Plow
24:51 Hand Cart
24:37 Stone Mining
24:40 Gold Mining
25:17 Scale Mail Armor
31:12 Ballistics
31:03 Masonry
31:11 Chain Mail Armor
31:06 Forging
30:57 Padded Archer Armor
30:48 Fletching
30:22 Pikeman
31:03 Squires
30:26 Elite Skirmisher
31:10 Husbandry
32:21 Stone Shaft Mining
32:25 Gold Shaft Mining
34:18 Coinage
33:48 Caravan
38:48 Imperial Age
36:21 Heated Shot
36:28 Murder Holes
36:54 Crossbowman
37:43 Thumb Ring
37:40 Kamandaran
40:04 Conscription
40:58 Two-Man Saw
40:30 Crop Rotation
40:37 Plate Mail Armor
40:43 Iron Casting
40:03 Bodkin Arrow
40:24 Leather Archer Armor
41:13 Chemistry
40:43 Architecture
43:05 Guilds
43:28 Banking
43:37 Sappers
44:45 Hoardings
43:31 Elite War Elephant
43:35 Cavalier
43:44 Heavy Cavalry Archer
43:47 Halberdier
45:11 Scale Barding Armor
45:37 Ring Archer Armor
46:07 Blast Furnace
46:44 Savar
53:07 Chain Barding Armor
52:29 Light Cavalry
53:22 Bloodlines
70:28 Spies/Treason
K10
11:22 Feudal Age
16:40 Castle Age
17:25 Wheelbarrow
16:43 Double-Bit Axe
16:38 Horse Collar
17:50 Bow Saw
22:07 Heavy Plow
24:28 Caravan
24:56 Gold Mining
24:56 Stone Mining
25:47 Hand Cart
30:55 Imperial Age
29:03 Scale Mail Armor
29:14 Forging
28:54 Fletching
29:05 Padded Archer Armor
29:36 Town Watch
29:36 Loom
30:41 Ballistics
30:19 Treadmill Crane
30:51 Masonry
32:43 Chemistry
31:40 Bodkin Arrow
32:25 Iron Casting
32:57 Crop Rotation
33:09 Chain Mail Armor
33:09 Leather Archer Armor
32:55 Bracer
32:22 Champi Runner
33:03 Squires
32:48 Arson
33:35 Conscription
35:07 Thumb Ring
36:06 Blast Furnace
35:37 Plate Mail Armor
35:07 Elite Skirmisher
35:16 Champi Warrior
37:17 Elite Champi Warrior
39:40 Ring Archer Armor
40:25 Fabric Shields
40:27 Andean Sling
41:05 Hoardings
45:48 Elite Kamayuk
52:58 Siege Engineers
Connection lost

Rejoining the realm…

Still unreachable

The connection could not be restored.

Session expired

The server has moved on; the page needs a fresh start.